Map: Bridgehead LE (Void)

Players

jacoby

  • Race: Zerg Zerg
  • League: Grandmaster

SticklerMac - Winner!

  • Race: Zerg Zerg
  • League: Silver

VOD

Have the link to the VOD?

Description

Time

  • Played on: Aug. 24, 2015, 9:13 p.m.
  • Length: 5:52
Show
View Real Time Build Order
Export as new Build Order

jacoby Zerg 

Build Orders: Hatch First 

Get SALT Encoding   

  12  0:02  Drone  
  13  0:12  Overlord  
  13  0:18  Drone  
  14  0:30  Drone  
  15  0:36  Drone  
  16  0:47  Drone  
  17  0:54  Hatchery  
  17  0:56  Drone  
  17  1:11  Spawning Pool  
  16  1:17  Drone  
  17  1:23  Drone  
  18  1:30  Extractor  
  18  1:32  Drone  
  18  1:40  Overlord  
  18  1:52  Drone  
  19  1:57  Queen  
  21  2:06  Queen  
  21  2:07  Drone x2  
  25  2:15  Drone  
  26  2:26  Drone  
  26  2:27  Drone  
  28  2:43  Spine Crawler  
  27  2:50  Drone x2  
  30  2:51  Zergling x6  
  30  2:57  Drone  
  33  3:05  Overlord  
  33  3:14  Drone x2  
  35  3:28  Drone x3  
  35  3:32  Roach Warren  
  35  3:34  Drone x3  
  39  3:37  Overlord  
  40  3:51  Drone  
  40  3:52  Drone x2  
  43  3:57  Extractor  
  43  3:59  Drone x2  
  43  4:00  Drone  
  45  4:12  Zergling x10  
  45  4:32  Spine Crawler  
  45  4:35  Drone x3  
  45  4:36  Drone  
  48  4:41  Extractor  
  47  4:47  Roach Warren  
  47  4:50  Evolution Chamber  
  38  5:01  Zergling x6  
  36  5:29  Roach x4  
Show
View Real Time Build Order
Export as new Build Order

SticklerMac Zerg - Winner!

Build Orders: Pool First 

Get SALT Encoding   

  12  0:01  Drone  
  13  0:08  Drone  
  14  0:17  Overlord  
  14  0:35  Drone x3  
  17  0:46  Spawning Pool  
  17  0:49  Drone  
  17  0:54  Extractor  
  16  0:58  Drone  
  17  1:19  Drone  
  17  1:20  Hatchery  
  17  1:26  Drone  
  17  1:29  Drone  
  19  1:38  Queen  
  21  1:44  Overlord  
  21  1:50  Drone  
  22  2:02  Metabolic Boost  
  22  2:07  Drone  
  23  2:21  Hatchery  
  22  2:28  Drone x2  
  24  2:49  Queen  
  26  2:54  Overlord  
  26  3:00  Zergling x4  
  26  3:03  Overlord x2  
  28  3:14  Zergling x6  
  28  3:16  Zergling x2  
  32  3:20  Lair  
  32  3:26  Baneling Nest  
  31  3:30  Zergling x2  
  31  3:31  Zergling x2  
  33  3:38  Queen  
  35  3:42  Zergling x2  
  35  3:44  Zergling x2  
  37  3:54  Zergling x6  
  40  3:55  Zergling x2  
  41  4:03  Zergling x4  
  41  4:07  Zergling x4  
  44  4:11  Zergling x2  
  42  4:18  Zergling x4  
  42  4:19  Zergling x2  
  44  4:26  Baneling x3  
  44  4:27  Baneling x3  
  44  4:40  Zergling x6  
  44  4:41  Zergling x4  
  48  4:57  Zergling x10  
  47  5:01  Zergling x2  
  47  5:02  Zergling x2  
  47  5:06  Zergling x2  
  44  5:14  Zergling x6  
  44  5:19  Baneling x2  
  44  5:20  Baneling x2  
  45  5:21  Zergling x2  
  45  5:24  Zergling x2  
  47  5:29  Baneling x2  
  47  5:30  Baneling x2  
  47  5:31  Baneling  
Tags
 
Add a new tag
Caveats
  • Supply blocks, unpowered buildings, or Contaminate may cause inaccurate times.
  • Supply counts are checked every 10 seconds.